AoeStats
← K1llaCapPilla

Arabia

509749003Analyzed
3v3 RM · 4d ago on Sep 27, 2026· 15m 37s· 6 players
Game mode
Random Map
Map size
Normal (6 player)
Population
200
Speed
Normal
Resources
Standard
Victory
Conquest
Starting age
Dark Age
Ending age
Imperial Age
RankedLock teamsTeams togetherTeam positionsShared explorationLock speedFull tech treeHidden civsTurbo modeCheats
Victory
Defeat
🇦🇷 Maya · Argentina
1447
+16
🇦🇷 Franks · Argentina
1421
+17
🇦🇷 Magyars · Argentina
1420
+17
🇨🇦 Varangians · Canada
1477
-18
🇺🇸 Aztecs · United States
1471
-18
🇧🇷 Malay · Brazil
1379
-14
Fetuquin
0:25 Loom
9:29 Feudal Age
10:08 Double-Bit Axe
11:40 Fletching
Frank
6:13 Loom
8:35 Feudal Age
13:58 Town Watch
TheBarber
6:45 Loom
9:02 Feudal Age
11:05 Double-Bit Axe
K1llaCapPilla
3:19 Loom
11:19 Feudal Age
13:22 Double-Bit Axe
15:46 Castle Age
14:20 Horse Collar
Hajduk
4:54 Loom
9:55 Feudal Age
Karzul
7:43 Loom
12:48 Feudal Age
Connection lost

Rejoining the realm…

Still unreachable

The connection could not be restored.

Session expired

The server has moved on; the page needs a fresh start.